AoeStats
← Pipin

Fortress

510157322Analyzed
4v4 RM · 4d ago on Sep 29, 2026· 35m 25s· 8 players
Game mode
Random Map
Map size
Huge
Population
200
Speed
Normal
Resources
Standard
Victory
Conquest
Starting age
Dark Age
Ending age
Imperial Age
RankedLock teamsTeams togetherTeam positionsShared explorationLock speedFull tech treeHidden civsTurbo modeCheats
Victory
Defeat
🇹🇷 Persians · Türkiye
1580
+11
🇦🇷 Maya · Argentina
1559
+12
🇩🇪 Hindustanis · Germany
1512
+14
🇲🇽 Khmer · Mexico
1452
+18
🇩🇪 Gurjaras · Germany
1546
-16
🇩🇪 Franks · Germany
1500
-15
🇩🇪 Portuguese · Germany
1475
-14
🇩🇪 Malay · Germany
1367
-10
Lharien
7:37 Feudal Age
11:09 Castle Age
9:01 Horse Collar
9:30 Double-Bit Axe
12:09 Heavy Plow
12:57 Bow Saw
19:24 Wheelbarrow
20:12 Forging
20:29 Husbandry
21:02 Bloodlines
20:45 Town Watch
20:46 Loom
20:35 Light Cavalry
25:05 Imperial Age
23:42 Hand Cart
25:08 Scale Barding Armor
25:54 Iron Casting
25:20 Heavy Camel Rider
26:28 Conscription
25:47 Siege Elephant
27:30 Imperial Camel Rider
28:32 Chain Barding Armor
28:49 Grand Trunk Road
29:27 Fletching
31:49 Blast Furnace
31:50 Plate Barding Armor
34:23 Coinage
35:02 Caravan
35:36 Banking
35:39 Siege Engineers
JAGR | Virus
6:38 Feudal Age
7:06 Feudal Age
10:14 Castle Age
8:47 Double-Bit Axe
9:18 Horse Collar
11:10 Bow Saw
16:17 Redemption
24:59 Imperial Age
22:48 Loom
23:04 Heavy Plow
23:43 Wheelbarrow
24:35 Bloodlines
24:26 Husbandry
26:05 Conscription
26:04 Tusk Swords
26:32 Elite Ballista Elephant
27:28 Town Watch
27:58 Stone Mining
28:00 Gold Mining
30:10 Crop Rotation
30:08 Fletching
30:34 Scale Barding Armor
30:46 Forging
31:11 Ballistics
32:55 Chemistry
32:30 Chain Barding Armor
34:23 Plate Barding Armor
34:29 Double Crossbow
Tilikoglu
7:38 Feudal Age
11:14 Castle Age
9:21 Double-Bit Axe
9:40 Horse Collar
12:16 Wheelbarrow
11:52 Bow Saw
17:22 Loom
18:30 Scale Barding Armor
19:30 Chain Barding Armor
20:37 Heavy Plow
21:00 Bloodlines
20:56 Husbandry
21:40 Forging
24:27 Gold Mining
24:28 Stone Mining
27:35 Imperial Age
26:06 Gold Shaft Mining
26:07 Iron Casting
26:25 Hand Cart
25:55 Town Watch
27:14 Cavalier
27:15 Heavy Camel Rider
29:26 Two-Man Saw
28:57 Crop Rotation
28:19 Stone Mining
28:52 Conscription
29:20 Plate Barding Armor
30:03 Blast Furnace
31:42 Coinage
31:12 Caravan
jAvi
6:43 Feudal Age
10:14 Castle Age
8:25 Double-Bit Axe
8:41 Horse Collar
11:26 Bow Saw
12:07 Loom
16:11 Fletching
18:07 Bodkin Arrow
18:04 Crossbowman
23:54 Wheelbarrow
25:14 Gold Mining
27:05 Hand Cart
30:58 Imperial Age
29:00 Thumb Ring
29:34 Ballistics
31:06 Arbalester
32:55 Chemistry
31:34 Pikeman
32:15 Squires
32:58 Bracer
32:59 Scale Mail Armor
33:31 Elite Skirmisher
33:47 Halberdier
34:46 Chain Mail Armor
34:42 Forging
35:58 Plate Mail Armor
M*rpheu$
7:33 Feudal Age
12:46 Castle Age
11:13 Double-Bit Axe
11:11 Horse Collar
14:43 Husbandry
17:58 Heavy Plow
19:36 Gold Mining
19:58 Bow Saw
23:02 Scale Barding Armor
23:09 Forging
24:02 Wheelbarrow
26:57 Imperial Age
27:24 Iron Casting
26:27 Elite Battle Elephant
27:55 Gold Shaft Mining
28:34 Town Watch
29:04 Hand Cart
28:18 Cavalier
34:38 Blast Furnace
35:03 Crop Rotation
Pipin
8:02 Feudal Age
11:40 Castle Age
10:03 Double-Bit Axe
10:03 Horse Collar
12:38 Bow Saw
12:28 Heavy Plow
12:36 Heavy Plow
23:57 Wheelbarrow
23:08 Loom
26:30 Imperial Age
24:17 Fletching
24:58 Bodkin Arrow
26:19 Padded Archer Armor
27:15 Bracer
28:16 Chemistry
28:01 Hand Cart
28:05 Town Watch
28:36 Thumb Ring
30:05 Bloodlines
30:11 Leather Archer Armor
30:56 Elite Elephant Archer
32:19 Ballistics
32:21 Husbandry
chrizbee
6:40 Feudal Age
10:55 Castle Age
8:47 Double-Bit Axe
12:13 Scale Mail Armor
12:24 Forging
12:31 Gold Mining
14:18 Loom
17:22 Gambesons
17:44 Squires
19:04 Wheelbarrow
21:57 Chain Mail Armor
23:46 Bow Saw
28:09 Imperial Age
27:28 Iron Casting
27:33 Husbandry
27:43 Scale Barding Armor
27:47 Stone Mining
28:35 Gold Shaft Mining
28:12 Cavalier
29:05 Chivalry
29:25 Conscription
29:56 Chain Barding Armor
29:28 Paladin
30:00 Town Watch
32:54 Plate Barding Armor
33:20 Blast Furnace
canttouchme
6:56 Feudal Age
8:18 Double-Bit Axe
11:07 Castle Age
9:13 Loom
9:39 Gold Mining
10:15 Double-Bit Axe
12:08 Bow Saw
13:11 Sanctity
13:54 Fervor
15:43 Horse Collar
19:33 Town Watch
23:27 Wheelbarrow
29:41 Imperial Age
29:47 Imperial Age
27:50 Scale Mail Armor
27:48 Pikeman
28:44 Chain Mail Armor
29:16 Forging
30:47 Iron Casting
30:42 Ballistics
30:40 Hand Cart
Connection lost

Rejoining the realm…

Still unreachable

The connection could not be restored.

Session expired

The server has moved on; the page needs a fresh start.